Workbook

Sheet CU AC Rate Design
G1: BHP-11 Page 1 Date: September 30, 2026
A3: Joint Tariff Rates
A4: Common Use AC Facilities
A6: Allocation of the Revenue Credits to the Common Use AC Facilities:
A8: 1 | B8: Revenue Credits - Non-Firm transmission revenue | H8: 1922601.5 | I8: Amount based on actual calendar year 2025
D10: =+B20 -> Entity | F10: Components of the Annual Rate (lines 6-8) | G10: % | H10: Allocated Revenue Credits
A12: 2 | D12: Black Hills | F12: =+L22 -> 30.404037 | G12: =+F12/F$15 -> 0.6284858 | H12: =+H$8*G12 -> 1208327.8
A13: 3 | D13: Basin Electric | F13: =+L23 -> 15.921389 | G13: =+F13/F$15 -> 0.3291131 | H13: =+H$8*G13 -> 632753.35
A14: 4 | D14: PRECorp | F14: =+L24 -> 2.0512232 | G14: =+F14/F$15 -> 0.042401102 | H14: =+H$8*G14 -> 81520.424
A15: 5 | D15: Total | F15: =SUM(F12:F14) -> 48.376649 | G15: =+F15/F$15 -> 1 | H15: =SUM(H12:H14) -> 1922601.5
A18: Common Use AC Facilities Rates: | E18: FOR RATES EFFECTIVE JANUARY 1, 2027
B20: Entity | D20: Component Annual Revenue Requirements | E20: Allocated Revenue Credits (lines 2-4) | F20: Net Revenue Requirements | G20: Projected 2027 Load | H20: Annual Rate
M21: Note: to address the circular reference
A22: 6 | B22: =+D12 -> Black Hills | D22: =Estimate!J123 -> 31474850 | E22: =-H12 -> -1208327.8 | F22: =+E22+D22 -> 30266522 | G22: =+'WP7 CU AC LOADS'!J44*1000 -> 995477.05 | H22: =+F22/G22 -> 30.404038 | J22: Circular Reference | L22: 30.404037 | M22: copy and paste values from cells H22:H24
A23: 7 | B23: =+D13 -> Basin Electric | D23: 16482130 | E23: =-H13 -> -632753.35 | F23: =+E23+D23 -> 15849377 | G23: =+G22 -> 995477.05 | H23: =+F23/G23 -> 15.921388 | J23: Circular Reference | L23: 15.921389 | M23: to L22:L24 until the rates in H22:H24 no
A24: 8 | B24: =+D14 -> PRECorp | D24: 2123466 | E24: =-H14 -> -81520.424 | F24: =+E24+D24 -> 2041945.6 | G24: =+G23 -> 995477.05 | H24: =+F24/G24 -> 2.0512232 | J24: Circular Reference | L24: 2.0512232 | M24: longer change.
A25: 9 | B25: Total | D25: =SUM(D22:D24) -> 50080446 | E25: =SUM(E22:E24) -> -1922601.5 | F25: =SUM(F22:F24) -> 48157844 | H25: =SUM(H22:H24) -> 48.376649
A27: Rates:
A28: 10 | D28: Annual | F28: =+H25 -> 48.376649 | G28: /kW-year | H28: =ROUND(F28,2)*1000 -> 48380 | I28: MW-year
A29: =+A28+1 -> 11 | D29: Monthly | F29: =ROUND(F28/12,2) -> 4.03 | G29: /kW-month | H29: =F29*1000 -> 4030 | I29: MW-year
A30: =+A29+1 -> 12 | D30: Weekly | F30: =ROUND(F28/52,2) -> 0.93 | G30: /kW-week | H30: =F30*1000 -> 930 | I30: MW-year
A31: =+A30+1 -> 13 | D31: Daily On-Peak | E31: 6 days/week | F31: =+F30/6 -> 0.155 | G31: /kW-day | H31: =F31*1000 -> 155 | I31: MW-year
A32: =+A31+1 -> 14 | D32: Daily Off-Peak | E32: 7 days/week | F32: =+F30/7 -> 0.13285714 | G32: /kW-day | H32: =F32*1000 -> 132.85714 | I32: MW-year
A33: =+A32+1 -> 15 | D33: Hourly On-Peak | E33: 16 hours/day | F33: =+F31/16 -> 0.0096875 | G33: /kW-hour | H33: =F33*1000 -> 9.6875 | I33: MW-year
A34: =+A33+1 -> 16 | D34: Hourly Off-Peak | E34: 24 hours/day | F34: =+F32/24 -> 0.0055357143 | G34: /kW-hour | H34: =F34*1000 -> 5.5357143 | I34: MW-year
A40: Check:
B42: =+D20 -> Component Annual Revenue Requirements | E42: =+D25 -> 50080446
B43: Revenue Credits | E43: =+E25 -> -1922601.5
B44: =+F20 -> Net Revenue Requirements | E44: =+F25 -> 48157844
B45: =+G20 -> Projected 2027 Load | E45: =+G22 -> 995477.05
B46: =+H20 -> Annual Rate | E46: =+E44/E45 -> 48.376649

Sheet Estimate
I1: Date | J1: 46295
I2: Service Year | J2: 2027
A4: Cost of Service
A5: Utilizing FERC Form 1 Data
A7: Black Hills Power, Inc.
C9: (1) | D9: (2) | E9: (3) | H9: (4) | J9: (5)
D10: Form No. 1 | G10: Allocator | J10: Transmission
A11: Line | D11: Page, Line, Col. | E11: Company Total | G11: (page 4) | J11: (Col 3 times Col 4)
A12: No. | C12: RATE BASE:
C14: GROSS PLANT IN SERVICE | D14: (Note H)
A15: 1 | C15: Production | D15: 205.46.g | E15: =+'WP6 Rate Base'!Q15 -> 7.5379009e+08 | G15: NA
A16: 2 | C16: Transmission | D16: 207.58.g | E16: =+'WP6 Rate Base'!Q16 -> 2.9998399e+08 | G16: TP | H16: =+J145 -> 0.874431 | J16: =+H16*E16 -> 2.623153e+08
A17: 3 | C17: New Construction CUS Assets | D17: See Workpaper 2 (line 9) | E17: ='BHP WP2 Capital Additions'!F20 -> 600077.6 | G17: TP | H17: =H16 -> 0.874431 | J17: =+H17*E17 -> 524726.46
A18: 4 | C18: New Construction CUS Assets | D18: See Workpaper 3 (line 19 col D) | E18: ='BHP WP3 Capital Additions'!F23 -> 0 | G18: TP | H18: =H17 -> 0.874431 | J18: =+H18*E18 -> 0
A19: 5 | C19: Distribution | D19: 207.75.g | E19: =+'WP6 Rate Base'!Q17 -> 6.0036163e+08 | G19: NA
A20: 6 | C20: General & Intangible | D20: See Workpaper 4 (line 5 col 1) | E20: =+'WP6 Rate Base'!Q18 -> 67951828 | G20: W/S | H20: =J177 -> 0.13043411 | J20: =+H20*E20 -> 8863236.1
A21: 7 | C21: Allocated Plant | D21: See Workpaper 5 (line 5) | E21: =+'WP6 Rate Base'!Q19 -> 37872147 | G21: W/S | H21: =+H20 -> 0.13043411 | J21: =+H21*E21 -> 4939819.7
A22: 8 | C22: Communication System | D22: 207.94g | E22: =+'WP6 Rate Base'!Q20 -> 10799268 | G22: T&D | H22: =+J182 -> 0.32003084 | J22: =+H22*E22 -> 3456098.8
A23: 9 | C23: Common | D23: 356.1 | E23: =+'WP6 Rate Base'!Q21 -> 0 | G23: CE | H23: 0 | J23: =+H23*E23 -> 0
A24: 10 | C24: TOTAL GROSS PLANT | D24: ="(sum lines "&A15&" - "&A23&")" -> (sum lines 1 - 9) | E24: =SUM(E15:E23) -> 1.771359e+09 | G24: GP= | H24: =IF(E24>0,+J24/E24,0) -> 0.15812671 | J24: =SUM(J15:J23) -> 2.8009918e+08
A25: 11
A26: 12 | C26: ACCUMULATED DEPRECIATION
A27: 13 | C27: =+C15 -> Production | D27: 219.20-24.c | E27: =+'WP6 Rate Base'!Q25 -> 2.7249275e+08 | G27: =+G15 -> NA | H27: =+H15
A28: 14 | C28: Transmission | D28: 219.25.c | E28: =+'WP6 Rate Base'!Q26 -> 55373421 | G28: TPA | H28: =+J163 -> 0.822692 | J28: =+H28*E28 -> 45555271
A29: 15 | C29: Additional Transmission Depr | D29: ="See Workpaper 2 (line 48)" -> See Workpaper 2 (line 48) | E29: ='BHP WP2 Capital Additions'!F57 -> 10455464 | G29: TPA | H29: =H28 -> 0.822692 | J29: =+H29*E29 -> 8601626.4
A30: 16 | C30: Distribution | D30: 219.26.c | E30: =+'WP6 Rate Base'!Q27 -> 1.9368735e+08 | G30: NA
A31: 17 | C31: =+C20 -> General & Intangible | D31: See Workpaper 4 (line 24 col 1) | E31: =+'WP6 Rate Base'!Q28 -> 50625942 | G31: =+G20 -> W/S | H31: =+H20 -> 0.13043411 | J31: =+H31*E31 -> 6603349.7
A32: 18 | C32: Allocated Plant | D32: See Workpaper 5 (line 11) | E32: =+'WP6 Rate Base'!Q29 -> 13776575 | G32: =+G21 -> W/S | H32: =+H31 -> 0.13043411 | J32: =+H32*E32 -> 1796935.3
A33: 19 | C33: =+C22 -> Communication System | D33: See Workpaper 4 (line 22 col 2) | E33: =+'WP6 Rate Base'!Q30 -> 2959500.1 | G33: =+G22 -> T&D | H33: =+H22 -> 0.32003084 | J33: =+H33*E33 -> 947131.3
A34: 20 | C34: =+C23 -> Common | D34: 356.1 | E34: =+'WP6 Rate Base'!Q31 -> 0 | G34: =+G23 -> CE | H34: =+H23 -> 0 | J34: =+H34*E34 -> 0
A35: 21 | C35: TOTAL ACCUM. DEPRECIATION | D35: ="(sum lines "&A27&" - "&A34&")" -> (sum lines 13 - 20) | E35: =SUM(E27:E34) -> 5.9937101e+08 | J35: =SUM(J27:J34) -> 63504313
A36: 22
A37: 23 | C37: NET PLANT IN SERVICE
A38: 24 | C38: =+C27 -> Production | D38: ="(line "&A15&" - line "&A27&")" -> (line 1 - line 13) | E38: =E15-E27 -> 4.8129734e+08 | G38: Auto
A39: 25 | C39: Transmission | D39: ="(line "&A16&" - line "&A28&")" -> (line 2 - line 14) | E39: =E16-E28 -> 2.4461057e+08 | G39: Auto | J39: =J16-J28 -> 2.1676003e+08
A40: 26 | C40: =+C17 -> New Construction CUS Assets | D40: ="(line "&A17&" - line "&A29&")" -> (line 3 - line 15) | E40: =E17-E29 -> -9855386.2 | G40: Auto | J40: =J17-J29 -> -8076899.9
A41: 27 | C41: New Construction CUS Assets | D41: (line 4) | E41: =E18 -> 0 | G41: Auto | J41: =J18 -> 0
A42: 28 | C42: Distribution | D42: ="(line "&A19&" - line "&A30&")" -> (line 5 - line 16) | E42: =E19-E30 -> 4.0667428e+08 | G42: Auto | J42: =J19-J30 -> 0
A43: 29 | C43: =+C31 -> General & Intangible | D43: ="(line "&A20&" - line "&A31&")" -> (line 6 - line 17) | E43: =E20-E31 -> 17325886 | G43: Auto | J43: =J20-J31 -> 2259886.5
A44: 30 | C44: Allocated Plant | D44: ="(line "&A21&" - line "&A32&")" -> (line 7 - line 18) | E44: =E21-E32 -> 24095572 | G44: Auto | J44: =J21-J32 -> 3142884.5
A45: 31 | C45: =+C33 -> Communication System | D45: ="(line "&A22&" - line "&A33&")" -> (line 8 - line 19) | E45: =E22-E33 -> 7839767.9 | G45: Auto | J45: =J22-J33 -> 2508967.5
A46: 32 | C46: =+C34 -> Common | D46: ="(line "&A23&" - line "&A34&")" -> (line 9 - line 20) | E46: =E23-E34 -> 0 | G46: Auto | J46: =J23-J34 -> 0
A47: 33 | C47: TOTAL NET PLANT | D47: ="(sum lines "&A38&" - "&A46&")" -> (sum lines 24 - 32) | E47: =E24-E35 -> 1.171988e+09 | G47: NP= | H47: =IF(E47>0,+J47/E47,0) -> 0.18480979 | J47: =SUM(J38:J46) -> 2.1659487e+08
A48: 34
A49: 35 | C49: ADJUSTMENTS TO RATE BASE | D49: (Note A)
A50: 36 | C50: Account No. 281 (enter negative) | D50: 273.8.k | E50: =+'WP6 Rate Base'!F50 -> 0 | G50: =+G27 -> NA | H50: zero | J50: 0
A51: 37 | C51: Account No. 282 (enter negative) | D51: 275.2.k | E51: =+'WP6 Rate Base'!F51 -> -162648044 | G51: NP | H51: =+H47 -> 0.18480979 | J51: -32916597
A52: 38 | C52: Account No. 283 (enter negative) | D52: 277.9.k | E52: =+'WP6 Rate Base'!F52 -> -23530979 | G52: =+G51 -> NP | H52: =H47 -> 0.18480979 | J52: =E52*H52 -> -4348755.4
A53: 39 | C53: Account No. 190 | D53: 234.8.c | E53: =+'WP6 Rate Base'!F53 -> 45107178 | G53: =+G52 -> NP | H53: =+H52 -> 0.18480979 | J53: =E53*H53 -> 8336248.3
A54: 39a | C54: EDIT/DDIT (Net) - Transmission Only | D54: See Workpaper 8.1 EDIT-DDIT Estimate (line 68, col H) | J54: -12152385
A55: 40 | C55: Account No. 255 (enter negative) | D55: 267.8.h | E55: =+'WP6 Rate Base'!F54 -> 0 | G55: =+G53 -> NP | H55: =+H52 -> 0.18480979 | J55: =E55*H55 -> 0
A56: 41 | C56: FAS 109 Adjustment | D56: (232.1.f - 278.1.f - 278.3.f)*.35 | E56: =+'WP6 Rate Base'!F55 -> 108230.25 | G56: =+G55 -> NP | H56: =+H55 -> 0.18480979 | J56: =+H56*E56 -> 20002.01
A57: 42 | C57: TOTAL ADJUSTMENTS | D57: ="(sum lines "&A50&" - "&A56&")" -> (sum lines 36 - 41) | J57: =SUM(J50:J56) -> -41061486
A58: 43
A59: 44 | C59: LAND HELD FOR FUTURE USE | D59: 214.x.d (Notes B) | E59: ='WP6 Rate Base'!F58 -> 6238342 | G59: DA | H59: 0 | J59: =+H59*E59 -> 0
A60: 45
A61: 46 | C61: WORKING CAPITAL (Notes C & H)
A62: 47 | C62: CWC | D62: ="(1/8 * line "&A91&")" -> (1/8 * line 63) | E62: =+E91/8 -> 4255880.8 | G62: Auto | J62: =+J91/8 -> 694254.33
A63: 48 | C63: Materials & Supplies | D63: 227.5.c | E63: =+'WP6 Rate Base'!F62 -> 8628093 | G63: T&D | H63: =+J182 -> 0.32003084 | J63: =+H63*E63 -> 2761255.8
A64: 49 | C64: Materials & Supplies | D64: 227.8.c | E64: =+'WP6 Rate Base'!F63 -> 149337 | G64: TP | H64: =+J145 -> 0.874431 | J64: =+H64*E64 -> 130584.9
A65: 50 | C65: Prepayments (Account 165) | D65: 111.57.c | E65: =+'WP6 Rate Base'!F64 -> 4630741 | G65: GP | H65: =+H24 -> 0.15812671 | J65: =+H65*E65 -> 732243.85
A66: 51 | C66: TOTAL WORKING CAPITAL | D66: ="(sum lines "&A62&" - "&A65&")" -> (sum lines 47 - 50) | E66: =SUM(E62:E65) -> 17664052 | J66: =SUM(J62:J65) -> 4318338.9
A67: 52
A68: 53 | C68: TRANSMISSION RATE BASE | D68: ="(sum lines "&A47&", "&A57&", "&A59&", & "&A66&")" -> (sum lines 33, 42, 44, & 51) | J68: =+J66+J59+J57+J47 -> 1.7985172e+08
I69: Date | J69: =J1 -> 46295
I70: =$I$2 -> Service Year | J70: =$J$2 -> 2027
A72: Cost of Service
A73: Utilizing FERC Form 1 Data
A75: Black Hills Power, Inc.
C76: (1) | D76: (2) | E76: (3) | H76: (4) | J76: (5)
A78: Line | D78: Form No. 1 | G78: =+G10 -> Allocator | J78: Transmission
A79: No. | D79: Page, Line, Col. | E79: Company Total | G79: =+G11 -> (page 4) | J79: (Col 3 times Col 4)
C81: O&M
A82: =+A68+1 -> 54 | C82: Transmission | D82: 321.112.b | E82: 32060458 | G82: TP | H82: =+J145 -> 0.874431 | J82: =+H82*E82 -> 28034658
A83: =+A82+1 -> 55 | C83: Less: Account 565 and 561 | D83: 321.84-92.b & 96.b | E83: 29833191 | G83: =+G82 -> TP | H83: =+H82 -> 0.874431 | J83: =+H83*E83 -> 26087067
A84: =+A83+1 -> 56 | C84: A&G | D84: 323.194.b | E84: 33541921 | G84: W/S | H84: =+H31 -> 0.13043411 | J84: =+H84*E84 -> 4375010.6
A85: =+A84+1 -> 57 | C85: Less FERC Annual Fees (Note D) | D85: 350.1.b | E85: 625532 | G85: W/S | H85: 1 | J85: =+H85*E85 -> 625532
A86: =+A85+1 -> 58 | C86: Plus: Fixed PBOP expense | D86: (Note I) | E86: 227200 | G86: =G84 -> W/S | H86: =H84 -> 0.13043411 | J86: =+H86*E86 -> 29634.63
A87: =+A86+1 -> 59 | C87: Less: Actual PBOP expense | D87: (Company Records) | E87: 311301.36 | G87: =+G86 -> W/S | H87: =+H86 -> 0.13043411 | J87: =+H87*E87 -> 40604.315
A88: =+A87+1 -> 60 | C88: Less: EPRI & Reg. Comm. Exp. & Non-safety Ad. (Note E) | E88: 1012508 | G88: =G84 -> W/S | H88: =H84 -> 0.13043411 | J88: =+H88*E88 -> 132065.58
A89: =+A88+1 -> 61 | C89: Plus Transmission Related Reg. Comm. Exp. (Note E) | D89: (Workpaper 1 line 11) | G89: =+G82 -> TP | H89: =+H82 -> 0.874431 | J89: =+H89*E89 -> 0
A90: =+A89+1 -> 62 | C90: Common | D90: =+D34 -> 356.1 | E90: 0 | G90: CE | H90: =+H34 -> 0 | J90: =+H90*E90 -> 0
A91: =+A90+1 -> 63 | C91: ="TOTAL O&M (sum lines "&A82&", "&A84&", "&A86&", "&A89&", "&A90&" less lines "&A83&", "&A85&", "&A87&" , "&A88&")" -> TOTAL O&M (sum lines 54, 56, 58, 61, 62 less lines 55, 57, 59 , 60) | E91: =+E82-E83+E84-E85-E88+E90+E89+E86-E87 -> 34047047 | J91: =+J82-J83+J84-J85-J88+J90+J89+J86-J87 -> 5554034.6
A92: =+A91+1 -> 64
A93: =+A92+1 -> 65 | C93: DEPRECIATION EXPENSE (Note I)
A94: =+A93+1 -> 66 | C94: =+C16 -> Transmission | D94: 336.7.b | E94: =+E16*'BHP WP5 Depreciation Rates'!H21 -> 6959628.5 | G94: TP | H94: =+J145 -> 0.874431 | J94: =+H94*E94 -> 6085714.9
A95: =+A94+1 -> 67 | C95: =+C17 -> New Construction CUS Assets | D95: See Workpaper 2 (line 13) | E95: ='BHP WP2 Capital Additions'!F22 -> 13921.8 | G95: TP | H95: =H94 -> 0.874431 | J95: =+H95*E95 -> 12173.654
A96: =+A95+1 -> 68 | C96: =+C18 -> New Construction CUS Assets | D96: See Workpaper 3 (line 23) | E96: ='BHP WP3 Capital Additions'!F27 -> 0 | G96: TP | H96: =H95 -> 0.874431 | J96: =+H96*E96 -> 0
A97: =+A96+1 -> 69 | C97: General & intangible | D97: 336.10.b & 336.1.d&e | E97: =(E20+E22)*'BHP WP5 Depreciation Rates'!H35 -> 5142446.6 | G97: W/S | H97: =H84 -> 0.13043411 | J97: =+H97*E97 -> 670750.44
A98: =+A97+1 -> 70 | C98: =+C90 -> Common | D98: 336.11.b | E98: 0 | G98: CE | H98: =+H90 -> 0 | J98: =+H98*E98 -> 0
A99: =+A98+1 -> 71 | C99: ="TOTAL DEPRECIATION (Sum lines "&A94&" - "&A98&")" -> TOTAL DEPRECIATION (Sum lines 66 - 70) | E99: =SUM(E94:E98) -> 12115997 | J99: =SUM(J94:J98) -> 6768639
A100: =+A99+1 -> 72
A101: =+A100+1 -> 73 | C101: TAXES OTHER THAN INCOME TAXES (Note F)
A102: =+A101+1 -> 74 | C102: LABOR RELATED
A103: =+A102+1 -> 75 | C103: Payroll | D103: 263.3i, 263.4i, 263.12i | E103: 2011645 | G103: W/S | H103: =+J177 -> 0.13043411 | J103: =+H103*E103 -> 262387.12
A104: =+A103+1 -> 76 | C104: Highway and vehicle | D104: 263.i | E104: 0 | G104: =+G103 -> W/S | H104: =+H103 -> 0.13043411 | J104: =+H104*E104 -> 0
A105: =+A104+1 -> 77 | C105: PLANT RELATED
A106: =+A105+1 -> 78 | C106: Property | D106: 263.23i | E106: 7446394.2 | G106: GP | H106: =+H24 -> 0.15812671 | J106: =+H106*E106 -> 1177473.8
A107: =+A106+1 -> 79 | C107: Gross Receipts | D107: 263.i | E107: 214609 | G107: =+G50 -> NA | H107: zero | J107: 0
A108: =+A107+1 -> 80 | C108: Other | D108: =+D107 -> 263.i | E108: 0 | G108: =+G106 -> GP | H108: =+H106 -> 0.15812671 | J108: =+H108*E108 -> 0
...

Sheet BHP WP2 Capital Additions
F1: BHP-11 Page 6
B2: WORKPAPER 2 CAPITAL ADDITIONS BLACK HILLS POWER, INC.
B4: Line
B5: No. | F5: Amount Placed
B6: 1 | C6: Monthly Additions to the CUS System | F6: in Service
B7: =+B6+1 -> 2 | D7: 45992 | F7: 65371.49
B8: =+B7+1 -> 3 | D8: 46023 | F8: 6950.22
B9: =+B8+1 -> 4 | D9: 46054 | F9: 86920.23
B10: =+B9+1 -> 5 | D10: 46082 | F10: 333329.73
B11: =+B10+1 -> 6 | D11: 46113 | F11: -26555.56
B12: =+B11+1 -> 7 | D12: 46143 | F12: 1468.92
B13: =+B12+1 -> 8 | D13: 46174 | F13: 137339.56
B14: =+B13+1 -> 9 | D14: 46204 | F14: -4746.99
B15: =+B14+1 -> 10 | D15: 46235 | F15: 0
B16: =+B15+1 -> 11 | D16: 46266 | F16: 0
B17: =+B16+1 -> 12 | D17: 46296 | F17: 0
B18: =+B17+1 -> 13 | D18: 46327 | F18: 0
B19: =+B18+1 -> 14 | D19: 46357 | F19: 0
B20: =+B19+1 -> 15 | C20: Total 2026 CUS Transmission Assets Place in Service | F20: =SUM(F7:F19) -> 600077.6
B21: =+B20+1 -> 16 | D21: Transmission Plant Depreciation Rate (WP 5 line 11) | F21: ='BHP WP5 Depreciation Rates'!H21 -> 0.0232
B22: =+B21+1 -> 17 | C22: ="Annual Transmisison Depreciation Expense (line "&B20&" x line "&B21&")" -> Annual Transmisison Depreciation Expense (line 15 x line 16) | F22: =+F20*F21 -> 13921.8
B23: =+B22+1 -> 18
B24: =+B23+1 -> 19 | E24: (A) | F24: (Col A * Depr Rate/12)
B25: =+B24+1 -> 20 | E25: Asset Placed | F25: Depreciation
B26: =+B25+1 -> 21 | C26: Transmission Accumulated Depreciation for 2025 & 2026 | E26: in Service | F26: Expense
B27: =+B26+1 -> 22
B28: =+B27+1 -> 23 | D28: Jan-26 - See line 2 col 5 of Estimate | E28: =Estimate!E16+F8 -> 2.9999094e+08 | F28: =(+E28*$F$21)/12 -> 579982.48
B29: =+B28+1 -> 24 | D29: 46054 | E29: =+E28+F9 -> 3.0007786e+08 | F29: =(+E29*$F$21)/12 -> 580150.53
B30: =+B29+1 -> 25 | D30: 46082 | E30: =+E29+F10 -> 3.0041119e+08 | F30: =(+E30*$F$21)/12 -> 580794.96
B31: =+B30+1 -> 26 | D31: 46113 | E31: =+E30+F11 -> 3.0038463e+08 | F31: =(+E31*$F$21)/12 -> 580743.62
B32: =+B31+1 -> 27 | D32: 46143 | E32: =+E31+F12 -> 3.003861e+08 | F32: =(+E32*$F$21)/12 -> 580746.46
B33: =+B32+1 -> 28 | D33: 46174 | E33: =+E32+F13 -> 3.0052344e+08 | F33: =(+E33*$F$21)/12 -> 581011.99
B34: =+B33+1 -> 29 | D34: 46204 | E34: =+E33+F14 -> 3.0051869e+08 | F34: =(+E34*$F$21)/12 -> 581002.81
B35: =+B34+1 -> 30 | D35: 46235 | E35: =+E34+F15 -> 3.0051869e+08 | F35: =(+E35*$F$21)/12 -> 581002.81
B36: =+B35+1 -> 31 | D36: 46266 | E36: =+E35+F16 -> 3.0051869e+08 | F36: =(+E36*$F$21)/12 -> 581002.81
B37: =+B36+1 -> 32 | D37: 46296 | E37: =+E36+F17 -> 3.0051869e+08 | F37: =(+E37*$F$21)/12 -> 581002.81
B38: =+B37+1 -> 33 | D38: 46327 | E38: =+E37+F18 -> 3.0051869e+08 | F38: =(+E38*$F$21)/12 -> 581002.81
B39: =+B38+1 -> 34 | D39: 46357 | E39: =+E38+F19 -> 3.0051869e+08 | F39: =(+E39*$F$21)/12 -> 581002.81
B40: =+B39+1 -> 35 | F40: =SUM(F28:F39) -> 6969446.9
B41: =+B40+1 -> 36 | C41: See WP3 for additional information on 2027 Transmission Additions
B42: =+B41+1 -> 37 | D42: 46388 | E42: =+E39+'BHP WP3 Capital Additions'!D10 -> 3.0051869e+08 | F42: =(+E42*$F$21)/12 -> 581002.81
B43: =+B42+1 -> 38 | D43: 46419 | E43: =+E42+'BHP WP3 Capital Additions'!D11 -> 3.0051869e+08 | F43: =(+E43*$F$21)/12 -> 581002.81
B44: =+B43+1 -> 39 | D44: 46447 | E44: =+E43+'BHP WP3 Capital Additions'!D12 -> 3.0051869e+08 | F44: =(+E44*$F$21)/12 -> 581002.81
B45: =+B44+1 -> 40 | D45: 46478 | E45: =+E44+'BHP WP3 Capital Additions'!D13 -> 3.0051869e+08 | F45: =(+E45*$F$21)/12 -> 581002.81
B46: =+B45+1 -> 41 | D46: 46508 | E46: =+E45+'BHP WP3 Capital Additions'!D14 -> 3.0051869e+08 | F46: =(+E46*$F$21)/12 -> 581002.81
B47: =+B46+1 -> 42 | D47: 46539 | E47: =+E46+'BHP WP3 Capital Additions'!D15 -> 3.0051869e+08 | F47: =(+E47*$F$21)/12 -> 581002.81
B48: =+B47+1 -> 43 | D48: 46569 | E48: =+E47+'BHP WP3 Capital Additions'!D16 -> 3.0051869e+08 | F48: =(+E48*$F$21)/12 -> 581002.81
B49: =+B48+1 -> 44 | D49: 46600 | E49: =+E48+'BHP WP3 Capital Additions'!D17 -> 3.0051869e+08 | F49: =(+E49*$F$21)/12 -> 581002.81
B50: =+B49+1 -> 45 | D50: 46631 | E50: =+E49+'BHP WP3 Capital Additions'!D18 -> 3.0051869e+08 | F50: =(+E50*$F$21)/12 -> 581002.81
B51: =+B50+1 -> 46 | D51: 46661 | E51: =+E50+'BHP WP3 Capital Additions'!D19 -> 3.0051869e+08 | F51: =(+E51*$F$21)/12 -> 581002.81
B52: =+B51+1 -> 47 | D52: 46692 | E52: =+E51+'BHP WP3 Capital Additions'!D20 -> 3.0051869e+08 | F52: =(+E52*$F$21)/12 -> 581002.81
B53: =+B52+1 -> 48 | D53: 46722 | E53: =+E52+'BHP WP3 Capital Additions'!D21 -> 3.0051869e+08 | F53: =(+E53*$F$21)/12 -> 581002.81
B54: =+B53+1 -> 49 | D54: ="Subtotal of 2027 Increase for Accumulated Depreciation (lines "&B42&"-"&B53&")" -> Subtotal of 2027 Increase for Accumulated Depreciation (lines 37-48) | F54: =SUM(F42:F53) -> 6972033.7
B55: =+B54+1 -> 50 | D55: ="Average 2027 Impact for rate base consideration (line "&B54&" ÷ 2)" -> Average 2027 Impact for rate base consideration (line 49 ÷ 2) | F55: =+F54/2 -> 3486016.9
B56: =+B55+1 -> 51
B57: =+B56+1 -> 52 | D57: ="Total Accumulated Depreciation for 2026 & 2027 (lines "&B40&" + "&B55&")" -> Total Accumulated Depreciation for 2026 & 2027 (lines 35 + 50) | F57: =+F40+F55 -> 10455464
G114: TP | H114: =+J183 -> 0
H115: =+H114 -> 0

Sheet BHP WP3 Capital Additions
F1: BHP-11 Page 7
A2: WORKPAPER 3 CAPITAL ADDITIONS BLACK HILLS POWER, INC.
A3: Line
A4: No.
A5: 1 | B5: 2027 Weighted Average Plant in Service Additions for projects
A6: 2
A7: 3 | C7: (A) | D7: (B) | E7: (C) | F7: (D) = (B) * (C)/12
A8: 4 | B8: Monthly Incremental Addition to the CUS System | E8: Weighting | F8: Weighted Amount in Service
A9: 5 | C9: 46357 | D9: 0 | E9: 12 | F9: =(+D9*E9)/12 -> 0
A10: 6 | C10: 46388 | D10: 0 | E10: 11.5 | F10: =(+D10*E10)/12 -> 0
A11: 7 | C11: 46419 | D11: 0 | E11: 10.5 | F11: =(+D11*E11)/12 -> 0
A12: 8 | C12: 46447 | D12: 0 | E12: 9.5 | F12: =(+D12*E12)/12 -> 0
A13: 9 | C13: 46478 | D13: 0 | E13: 8.5 | F13: =(+D13*E13)/12 -> 0
A14: 10 | C14: 46508 | D14: 0 | E14: 7.5 | F14: =(+D14*E14)/12 -> 0
A15: 11 | C15: 46539 | D15: 0 | E15: 6.5 | F15: =(+D15*E15)/12 -> 0
A16: 12 | C16: 46569 | D16: 0 | E16: 5.5 | F16: =(+D16*E16)/12 -> 0
A17: 13 | C17: 46600 | D17: 0 | E17: 4.5 | F17: =(+D17*E17)/12 -> 0
A18: 14 | C18: 46631 | D18: 0 | E18: 3.5 | F18: =(+D18*E18)/12 -> 0
A19: 15 | C19: 46661 | D19: 0 | E19: 2.5 | F19: =(+D19*E19)/12 -> 0
A20: 16 | C20: 46692 | D20: 0 | E20: 1.5 | F20: =(+D20*E20)/12 -> 0
A21: 17 | C21: 46722 | D21: 0 | E21: 0.5 | F21: =(+D21*E21)/12 -> 0
A22: 18
A23: 19 | D23: =SUM(D9:D22) -> 0 | F23: =SUM(F9:F22) -> 0
A24: 20
A25: 21 | C25: Transmission Plant Depreciation Rate (WP 5 line 11) | F25: ='BHP WP2 Capital Additions'!F21 -> 0.0232
A26: 22
A27: 23 | C27: Annual Transmission Depreciation Expense (line 19 x line 21) | F27: =+F23*F25 -> 0
A28: 24
A29: 25
A30: 26
A31: 27
F109: TP | G109: =+I178 -> 0
G110: =+G109 -> 0

Sheet BHP WP5 Depreciation Rates
I2: BHP-11 Page 8
B3: WORKPAPER 5 DEPRECIATION RATES BLACK HILLS POWER, INC
B9: Line | H9: Rates*
B10: No. | D10: Plant Type | H10: (Note I)
B11: 1
B12: 2 | D12: Transmission Plant
B13: 3
B14: 4 | E14: 350 | F14: Land and Land Rights | H14: 0
B15: 5 | E15: 352 | F15: Structures and Improvements | H15: 0.0239
B16: 6 | E16: 353 | F16: Station Equipment | H16: 0.0266
B17: 7 | E17: 354 | F17: Towers and Fixtures | H17: 0.0204
B18: 8 | E18: 355 | F18: Poles and Fixtures | H18: 0.0222
B19: 9 | E19: 356 | F19: Overhead Conductors and Devices | H19: 0.0204
B20: 10 | E20: 359 | F20: Roads and Trails | H20: 0.0195
B21: 11 | F21: Total Transmission Plant | H21: 0.0232
B22: 12
B23: 13 | D23: General Plant
B24: 14
B25: 15 | E25: 389 | F25: Land and Land Rights | H25: 0
B26: 16 | E26: 390 | F26: Structures and Improvements | H26: 0.0473
B27: 17 | E27: 391 | F27: Office Furniture and Equipment | H27: 0.1056
B28: 18 | E28: 392 | F28: Transportation Equipment | H28: 0.0906
B29: 19 | E29: 393 | F29: Stores Equipment | H29: 0.0423
B30: 20 | E30: 394 | F30: Tools, Shop and Garage Equipment | H30: 0.0423
B31: 21 | E31: 395 | F31: Laboratory Equipment | H31: 0.0306
B32: 22 | E32: 396 | F32: Power Operated Equipment | H32: 0.0423
B33: 23 | E33: 397 | F33: Communication Equipment | H33: 0.0439
B34: 24 | E34: 398 | F34: Miscellaneous Equipment | H34: 0.0581
B35: 25 | F35: Total General Plant | H35: 0.0653
B36: 26
B37: 27 | D37: * The above rates were developed in June 2006. See Note I on tab: Estimate.

Sheet WP6 Rate Base
I2: Date: May 31, 2026 | R2: =I2 -> Date: May 31, 2026
A4: Cost of Service | J4: Cost of Service
A5: Utilizing FERC Form 1 Data | J5: Utilizing FERC Form 1 Data
A7: Black Hills Power, Inc. | J7: Black Hills Power, Inc.
D10: Form No. 1
A11: Line | D11: Page, Line, Col. | E11: Company Total
A12: No. | C12: RATE BASE: | E12: (a) | F12: (b) | G12: (c) | H12: (d) | I12: (e) | J12: (f) | K12: (g) | L12: (h) | M12: (i) | N12: (j) | O12: (k) | P12: (l) | Q12: (m) | R12: (n)
E13: 45627 | F13: 45658 | G13: 45689 | H13: 45717 | I13: 45748 | J13: 45778 | K13: 45809 | L13: 45839 | M13: 45870 | N13: 45901 | O13: 45931 | P13: 45962 | Q13: 45992 | R13: 13 month average
C14: GROSS PLANT IN SERVICE (101 & 106) | D14: (Note H) **
A15: 1 | C15: Production | D15: 205.46.g | E15: =E69-E90+E111+E133+E154 -> 7.251608e+08 | F15: =F69-F90+F111+F133+F154 -> 7.277521e+08 | G15: =G69-G90+G111+G133+G154 -> 7.2772519e+08 | H15: =H69-H90+H111+H133+H154 -> 7.2796894e+08 | I15: =I69-I90+I111+I133+I154 -> 7.2867011e+08 | J15: =J69-J90+J111+J133+J154 -> 7.2885442e+08 | K15: =K69-K90+K111+K133+K154 -> 7.2717673e+08 | L15: =L69-L90+L111+L133+L154 -> 7.322868e+08 | ... Q15: =Q69-Q90+Q111+Q133+Q154 -> 7.5379009e+08 | R15: =AVERAGE(E15:Q15) -> 7.3352209e+08
A16: =+A15+1 -> 2 | C16: Transmission | D16: 207.58.g | E16: =E70-E91+E112+E134+E155 -> 2.994129e+08 | F16: =F70-F91+F112+F134+F155 -> 2.9943384e+08 | G16: =G70-G91+G112+G134+G155 -> 2.9940779e+08 | H16: =H70-H91+H112+H134+H155 -> 2.9929439e+08 | I16: =I70-I91+I112+I134+I155 -> 2.9964572e+08 | J16: =J70-J91+J112+J134+J155 -> 2.9966393e+08 | K16: =K70-K91+K112+K134+K155 -> 2.9959591e+08 | L16: =L70-L91+L112+L134+L155 -> 2.9942636e+08 | ... Q16: =Q70-Q91+Q112+Q134+Q155 -> 2.9998399e+08 | R16: =AVERAGE(E16:Q16) -> 2.9976647e+08
A17: =+A16+1 -> 3 | C17: Distribution | D17: 207.75.g | E17: =E71-E92+E113+E135+E156 -> 5.6517819e+08 | F17: =F71-F92+F113+F135+F156 -> 5.714337e+08 | G17: =G71-G92+G113+G135+G156 -> 5.716469e+08 | H17: =H71-H92+H113+H135+H156 -> 5.7271776e+08 | I17: =I71-I92+I113+I135+I156 -> 5.7867903e+08 | J17: =J71-J92+J113+J135+J156 -> 5.8005826e+08 | K17: =K71-K92+K113+K135+K156 -> 5.7789886e+08 | L17: =L71-L92+L113+L135+L156 -> 5.9092976e+08 | ... Q17: =Q71-Q92+Q113+Q135+Q156 -> 6.0036163e+08 | R17: =AVERAGE(E17:Q17) -> 5.8428193e+08
A18: =+A17+1 -> 4 | C18: General & Intangible | D18: 207.96.g - line 6 | E18: =E72-E93+E114+E136+E157 -> 73208647 | F18: =F72-F93+F114+F136+F157 -> 69118027 | G18: =G72-G93+G114+G136+G157 -> 68398542 | H18: =H72-H93+H114+H136+H157 -> 67948806 | I18: =I72-I93+I114+I136+I157 -> 68007256 | J18: =J72-J93+J114+J136+J157 -> 67538600 | K18: =K72-K93+K114+K136+K157 -> 67735740 | L18: =L72-L93+L114+L136+L157 -> 69644956 | ... Q18: =Q72-Q93+Q114+Q136+Q157 -> 67951828 | R18: =AVERAGE(E18:Q18) -> 68841690
A19: =+A18+1 -> 5 | C19: Allocated Plant | D19: 201.13.e + 201.13.f | E19: =E73-E94+E115+E137+E158 -> 37323668 | F19: =F73-F94+F115+F137+F158 -> 35804667 | G19: =G73-G94+G115+G137+G158 -> 35725329 | H19: =H73-H94+H115+H137+H158 -> 36115707 | I19: =I73-I94+I115+I137+I158 -> 36094731 | J19: =J73-J94+J115+J137+J158 -> 35955531 | K19: =K73-K94+K115+K137+K158 -> 36469634 | L19: =L73-L94+L115+L137+L158 -> 35909663 | ... Q19: =Q73-Q94+Q115+Q137+Q158 -> 37872147 | R19: =AVERAGE(E19:Q19) -> 36222813
A20: =+A19+1 -> 6 | C20: Communication System | D20: 207.94.g | E20: =E74-E95+E116+E138+E159 -> 6753338.9 | F20: =F74-F95+F116+F138+F159 -> 8480806.5 | G20: =G74-G95+G116+G138+G159 -> 8480806.5 | H20: =H74-H95+H116+H138+H159 -> 8477501.5 | I20: =I74-I95+I116+I138+I159 -> 8427301 | J20: =J74-J95+J116+J138+J159 -> 8998535.7 | K20: =K74-K95+K116+K138+K159 -> 8913865.8 | L20: =L74-L95+L116+L138+L159 -> 8913865.8 | ... Q20: =Q74-Q95+Q116+Q138+Q159 -> 10799268 | R20: =AVERAGE(E20:Q20) -> 8972463
A21: =+A20+1 -> 7 | C21: Common | D21: 356.1 | E21: 0 | Q21: 0 | R21: =AVERAGE(E21:Q21) -> 0
A22: =+A21+1 -> 8 | C22: TOTAL GROSS PLANT | D22: ="(sum lines "&A15&" - "&A21&")" -> (sum lines 1 - 7) | E22: =SUM(E15:E21) -> 1.7070376e+09 | F22: =SUM(F15:F21) -> 1.7120231e+09 | G22: =SUM(G15:G21) -> 1.7113846e+09 | H22: =SUM(H15:H21) -> 1.7125231e+09 | I22: =SUM(I15:I21) -> 1.7195241e+09 | J22: =SUM(J15:J21) -> 1.7210693e+09 | K22: =SUM(K15:K21) -> 1.7177907e+09 | L22: =SUM(L15:L21) -> 1.7371114e+09 | ... R22: =SUM(R15:R21) -> 1.7316075e+09
A23: =+A22+1 -> 9
A24: =+A23+1 -> 10 | C24: ACCUMULATED DEPRECIATION (108) | D24: (Note H) **
A25: =+A24+1 -> 11 | C25: =+C15 -> Production | D25: 219.20-24.c | E25: =+E79-E100+E121-E143+E164 -> 2.6596709e+08 | F25: =+F79-F100+F121-F143+F164 -> 2.6687195e+08 | G25: =+G79-G100+G121-G143+G164 -> 2.6864992e+08 | H25: =+H79-H100+H121-H143+H164 -> 2.6993485e+08 | I25: =+I79-I100+I121-I143+I164 -> 2.7171468e+08 | J25: =+J79-J100+J121-J143+J164 -> 2.7348948e+08 | K25: =+K79-K100+K121-K143+K164 -> 2.7043982e+08 | L25: =+L79-L100+L121-L143+L164 -> 2.7661893e+08 | ... Q25: =+Q79-Q100+Q121-Q143+Q164 -> 2.7249275e+08 | R25: =AVERAGE(E25:Q25) -> 2.7278272e+08
A26: =+A25+1 -> 12 | C26: Transmission | D26: 219.25.c | E26: =+E80-E101+E122-E144+E165 -> 50680572 | F26: =+F80-F101+F122-F144+F165 -> 51226479 | G26: =+G80-G101+G122-G144+G165 -> 51727393 | H26: =+H80-H101+H122-H144+H165 -> 52143975 | I26: =+I80-I101+I122-I144+I165 -> 52737735 | J26: =+J80-J101+J122-J144+J165 -> 53271422 | K26: =+K80-K101+K122-K144+K165 -> 53740462 | L26: =+L80-L101+L122-L144+L165 -> 54109926 | ... Q26: =+Q80-Q101+Q122-Q144+Q165 -> 55373421 | R26: =AVERAGE(E26:Q26) -> 53602898
A27: =+A26+1 -> 13 | C27: Distribution | D27: 219.26.c | E27: =+E81-E102+E123-E145+E166 -> 1.8196388e+08 | F27: =+F81-F102+F123-F145+F166 -> 1.8680476e+08 | G27: =+G81-G102+G123-G145+G166 -> 1.8747872e+08 | H27: =+H81-H102+H123-H145+H166 -> 1.844362e+08 | I27: =+I81-I102+I123-I145+I166 -> 1.8939666e+08 | J27: =+J81-J102+J123-J145+J166 -> 1.9030812e+08 | K27: =+K81-K102+K123-K145+K166 -> 1.8746596e+08 | L27: =+L81-L102+L123-L145+L166 -> 1.9263948e+08 | ... Q27: =+Q81-Q102+Q123-Q145+Q166 -> 1.9368735e+08 | R27: =AVERAGE(E27:Q27) -> 1.9006085e+08
A28: =+A27+1 -> 14 | C28: =+C18 -> General & Intangible | D28: See Workpaper 9 (column b) | E28: =+E82-E103+E124-E146+E167 -> 47798123 | F28: =+F82-F103+F124-F146+F167 -> 48303881 | G28: =+G82-G103+G124-G146+G167 -> 48120962 | H28: =+H82-H103+H124-H146+H167 -> 48214977 | I28: =+I82-I103+I124-I146+I167 -> 48727044 | J28: =+J82-J103+J124-J146+J167 -> 49133805 | K28: =+K82-K103+K124-K146+K167 -> 48680158 | L28: =+L82-L103+L124-L146+L167 -> 49117609 | ... Q28: =+Q82-Q103+Q124-Q146+Q167 -> 50625942 | R28: =AVERAGE(E28:Q28) -> 49083709
A29: =+A28+1 -> 15 | C29: Allocated Plant | D29: 201.14.e + 201.14.f | E29: =+E83-E104+E125-E147+E168 -> 12034656 | F29: =+F83-F104+F125-F147+F168 -> 11567665 | G29: =+G83-G104+G125-G147+G168 -> 11711065 | H29: =+H83-H104+H125-H147+H168 -> 12109921 | I29: =+I83-I104+I125-I147+I168 -> 12495890 | J29: =+J83-J104+J125-J147+J168 -> 12582955 | K29: =+K83-K104+K125-K147+K168 -> 12932118 | L29: =+L83-L104+L125-L147+L168 -> 13108972 | ... Q29: =+Q83-Q104+Q125-Q147+Q168 -> 13776575 | R29: =AVERAGE(E29:Q29) -> 12856410
A30: =+A29+1 -> 16 | C30: =+C20 -> Communication System | D30: See Workpaper 9 (column c) | E30: =+E84-E105+E126-E148+E169 -> 2468456.1 | F30: =+F84-F105+F126-F148+F169 -> 2929850.5 | G30: =+G84-G105+G126-G148+G169 -> 2974495.4 | H30: =+H84-H105+H126-H148+H169 -> 3019107.1 | I30: =+I84-I105+I126-I148+I169 -> 3013077.6 | J30: =+J84-J105+J126-J148+J169 -> 3062275.5 | K30: =+K84-K105+K126-K148+K169 -> 3092697.7 | L30: =+L84-L105+L126-L148+L169 -> 3141198.1 | ... Q30: =+Q84-Q105+Q126-Q148+Q169 -> 2959500.1 | R30: =AVERAGE(E30:Q30) -> 3056579.6
A31: =+A30+1 -> 17 | C31: =+C21 -> Common | D31: 356.1 | E31: 0 | Q31: 0 | R31: =AVERAGE(E31:Q31) -> 0
A32: =+A31+1 -> 18 | C32: TOTAL ACCUM. DEPRECIATION | D32: ="(sum lines "&A25&" - "&A31&")" -> (sum lines 11 - 17) | E32: =SUM(E25:E31) -> 5.6091278e+08 | F32: =SUM(F25:F31) -> 5.6770458e+08 | G32: =SUM(G25:G31) -> 5.7066256e+08 | H32: =SUM(H25:H31) -> 5.6985903e+08 | I32: =SUM(I25:I31) -> 5.7808508e+08 | J32: =SUM(J25:J31) -> 5.8184805e+08 | K32: =SUM(K25:K31) -> 5.7635122e+08 | L32: =SUM(L25:L31) -> 5.8873611e+08 | ... R32: =SUM(R25:R31) -> 5.8144316e+08
A33: =+A32+1 -> 19
A34: =+A33+1 -> 20 | C34: NET PLANT IN SERVICE | D34: (Note H) **
A35: =+A34+1 -> 21 | C35: =+C25 -> Production | D35: ="(line "&A15&" - line "&A25&")" -> (line 1 - line 11) | E35: =+E15-E25 -> 4.5919371e+08 | F35: =+F15-F25 -> 4.6088016e+08 | G35: =+G15-G25 -> 4.5907527e+08 | H35: =+H15-H25 -> 4.5803409e+08 | I35: =+I15-I25 -> 4.5695543e+08 | J35: =+J15-J25 -> 4.5536495e+08 | K35: =+K15-K25 -> 4.567369e+08 | L35: =+L15-L25 -> 4.5566787e+08 | ... Q35: =+Q15-Q25 -> 4.8129734e+08 | R35: =R15-R25 -> 4.6073937e+08
A36: =+A35+1 -> 22 | C36: Transmission | D36: ="(line "&A16&" - line "&A26&")" -> (line 2 - line 12) | E36: =+E16-E26 -> 2.4873233e+08 | F36: =+F16-F26 -> 2.4820736e+08 | G36: =+G16-G26 -> 2.476804e+08 | H36: =+H16-H26 -> 2.4715042e+08 | I36: =+I16-I26 -> 2.4690798e+08 | J36: =+J16-J26 -> 2.4639251e+08 | K36: =+K16-K26 -> 2.4585545e+08 | L36: =+L16-L26 -> 2.4531644e+08 | ... Q36: =+Q16-Q26 -> 2.4461057e+08 | R36: =R16-R26 -> 2.4616357e+08
A37: =+A36+1 -> 23 | C37: Distribution | D37: ="(line "&A17&" - line "&A27&")" -> (line 3 - line 13) | E37: =+E17-E27 -> 3.8321431e+08 | F37: =+F17-F27 -> 3.8462895e+08 | G37: =+G17-G27 -> 3.8416818e+08 | H37: =+H17-H27 -> 3.8828156e+08 | I37: =+I17-I27 -> 3.8928237e+08 | J37: =+J17-J27 -> 3.8975014e+08 | K37: =+K17-K27 -> 3.904329e+08 | L37: =+L17-L27 -> 3.9829029e+08 | ... Q37: =+Q17-Q27 -> 4.0667428e+08 | R37: =R17-R27 -> 3.9422108e+08
A38: =+A37+1 -> 24 | C38: =+C28 -> General & Intangible | D38: ="(line "&A18&" - line "&A28&")" -> (line 4 - line 14) | E38: =+E18-E28 -> 25410524 | F38: =+F18-F28 -> 20814146 | G38: =+G18-G28 -> 20277581 | H38: =+H18-H28 -> 19733830 | I38: =+I18-I28 -> 19280212 | J38: =+J18-J28 -> 18404795 | K38: =+K18-K28 -> 19055581 | L38: =+L18-L28 -> 20527347 | ... Q38: =+Q18-Q28 -> 17325886 | R38: =R18-R28 -> 19757981
A39: =+A38+1 -> 25 | C39: Allocated Plant | D39: ="(line "&A19&" - line "&A29&")" -> (line 5 - line 15) | E39: =+E19-E29 -> 25289012 | F39: =+F19-F29 -> 24237002 | G39: =+G19-G29 -> 24014264 | H39: =+H19-H29 -> 24005786 | I39: =+I19-I29 -> 23598841 | J39: =+J19-J29 -> 23372576 | K39: =+K19-K29 -> 23537516 | L39: =+L19-L29 -> 22800691 | ... Q39: =+Q19-Q29 -> 24095572 | R39: =R19-R29 -> 23366402
A40: =+A39+1 -> 26 | C40: =+C30 -> Communication System | D40: ="(line "&A20&" - line "&A30&")" -> (line 6 - line 16) | E40: =+E20-E30 -> 4284882.8 | F40: =+F20-F30 -> 5550956 | G40: =+G20-G30 -> 5506311.1 | H40: =+H20-H30 -> 5458394.4 | I40: =+I20-I30 -> 5414223.4 | J40: =+J20-J30 -> 5936260.3 | K40: =+K20-K30 -> 5821168.1 | L40: =+L20-L30 -> 5772667.7 | ... Q40: =+Q20-Q30 -> 7839767.9 | R40: =R20-R30 -> 5915883.3
A41: =+A40+1 -> 27 | C41: =+C31 -> Common | D41: ="(line "&A21&" - line "&A31&")" -> (line 7 - line 17) | E41: =+E21-E31 -> 0 | F41: =+F21-F31 -> 0 | G41: =+G21-G31 -> 0 | H41: =+H21-H31 -> 0 | I41: =+I21-I31 -> 0 | J41: =+J21-J31 -> 0 | K41: =+K21-K31 -> 0 | L41: =+L21-L31 -> 0 | ... Q41: =+Q21-Q31 -> 0 | R41: =R21-R31 -> 0
A42: =+A41+1 -> 28 | C42: TOTAL NET PLANT | D42: ="(sum lines "&A35&" - "&A41&")" -> (sum lines 21 - 27) | E42: =SUM(E35:E41) -> 1.1461248e+09 | F42: =SUM(F35:F41) -> 1.1443186e+09 | G42: =SUM(G35:G41) -> 1.140722e+09 | H42: =SUM(H35:H41) -> 1.1426641e+09 | I42: =SUM(I35:I41) -> 1.1414391e+09 | J42: =SUM(J35:J41) -> 1.1392212e+09 | K42: =SUM(K35:K41) -> 1.1414395e+09 | L42: =SUM(L35:L41) -> 1.1483753e+09 | ... R42: =SUM(R35:R41) -> 1.1501643e+09
C44: ** Columns a and m use the FERC Form 1 balance except where otherwise referenced. Columns b through l are the Company's FERC account balances.
C45: 1 Communication System Accumulated Depreciation based on Communication System Plant in Service share of General & Intangible Accumulated Depreciation.
E47: 12/31/24 & 12/31/25 average balance
A48: =+A42+1 -> 29 | E48: (a) | F48: (b) | G48: (c)
A49: =+A48+1 -> 30 | C49: ADJUSTMENTS TO RATE BASE (Notes A & H) | E49: 45627 | F49: 45992 | G49: Average Balance
A50: =+A49+1 -> 31 | C50: Account No. 281 (enter negative) | D50: 113.62.c | E50: 0 | F50: 0 | G50: =(+E50+F50)/2 -> 0
A51: =+A50+1 -> 32 | C51: Account No. 282 (enter negative) | D51: WP 12 | E51: -1.5023325e+08 | F51: -162648044 | G51: =(+E51+F51)/2 -> -1.5644065e+08
A52: =+A51+1 -> 33 | C52: Account No. 283 (enter negative) | D52: 113.64.c (footnote) | E52: -19214310 | F52: -23530979 | G52: =(+E52+F52)/2 -> -21372644
A53: =+A52+1 -> 34 | C53: Account No. 190 | D53: 111.82.c (footnote) | E53: 44945479 | F53: 45107178 | G53: =(+E53+F53)/2 -> 45026328
A54: =+A53+1 -> 35 | C54: Account No. 255 (enter negative) | D54: 113.57.c | E54: 0 | F54: 0 | G54: =(+E54+F54)/2 -> 0
A55: =+A54+1 -> 36 | C55: FAS 109 Adjustment | D55: WP 12 | E55: -75785.28 | F55: 108230.25 | G55: =(+E55+F55)/2 -> 16222.485
A56: =+A55+1 -> 37 | C56: TOTAL ADJUSTMENTS | D56: ="(sum lines "&A50&" - "&A55&")" -> (sum lines 31 - 36) | E56: =SUM(E50:E55) -> -1.2457787e+08 | F56: =SUM(F50:F55) -> -1.4096361e+08 | G56: =SUM(G50:G55) -> -1.3277074e+08
A57: =+A56+1 -> 38
A58: =+A57+1 -> 39 | C58: LAND HELD FOR FUTURE USE | D58: 214.x.d (Notes B & H) | E58: 6203620 | F58: 6238342 | G58: =(+E58+F58)/2 -> 6220981
A59: =+A58+1 -> 40
A60: =+A59+1 -> 41 | C60: WORKING CAPITAL EXCLUDING CASH WORKING CAPITAL (Notes C & H)
A61: =+A60+1 -> 42
A62: =+A61+1 -> 43 | C62: Materials & Supplies | D62: 227.5.c | E62: 8883548 | F62: 8628093 | G62: =(+E62+F62)/2 -> 8755820.5
A63: =+A62+1 -> 44 | C63: Materials & Supplies | D63: 227.8.c | E63: 151544 | F63: 149337 | G63: =(+E63+F63)/2 -> 150440.5
A64: =+A63+1 -> 45 | C64: Prepayments (Account 165) | D64: 111.57.c | E64: 4487867 | F64: 4630741 | G64: =(+E64+F64)/2 -> 4559304
A65: =+A64+1 -> 46 | C65: TOTAL WORKING CAPITAL | D65: ="(sum lines "&A61&" - "&A64&")" -> (sum lines 42 - 45) | E65: =SUM(E62:E64) -> 13522959 | F65: =SUM(F62:F64) -> 13408171 | G65: =SUM(G62:G64) -> 13465565
C68: GROSS PLANT IN SERVICE (101 & 106) | D68: From PP
C69: Production | E69: 7.2616118e+08 | F69: 7.277521e+08 | G69: 7.2772519e+08 | H69: 7.28303e+08 | I69: 7.2867011e+08 | J69: 7.2885442e+08 | K69: 7.3166571e+08 | L69: 7.322868e+08 | M69: 7.3322578e+08 | N69: 7.3414224e+08 | O69: 7.4006514e+08 | P69: 7.5415137e+08 | Q69: 7.6036907e+08
C70: Transmission | E70: 2.9949087e+08 | F70: 2.9943384e+08 | G70: 2.9940779e+08 | H70: 2.9941664e+08 | I70: 2.9964572e+08 | J70: 2.9966393e+08 | K70: 2.9961991e+08 | L70: 2.9942636e+08 | M70: 2.9931022e+08 | N70: 2.993092e+08 | O70: 3.0112971e+08 | P70: 3.0135783e+08 | Q70: 3.0135998e+08
C71: Distribution | E71: 5.6929234e+08 | F71: 5.714337e+08 | G71: 5.716469e+08 | H71: 5.7653459e+08 | I71: 5.7867903e+08 | J71: 5.8005826e+08 | K71: 5.8188266e+08 | L71: 5.9092976e+08 | M71: 5.9334442e+08 | N71: 5.9517728e+08 | O71: 6.0009558e+08 | P71: 6.0243852e+08 | Q71: 6.041883e+08
C72: General & Intangible | E72: 1.4774038e+08 | F72: 1.4402908e+08 | G72: 1.4352584e+08 | H72: 1.4303791e+08 | I72: 1.4308995e+08 | J72: 1.4262156e+08 | K72: 1.4299125e+08 | L72: 1.4490046e+08 | M72: 1.4550446e+08 | N72: 1.4452986e+08 | O72: 1.4385686e+08 | P72: 1.4381075e+08 | Q72: 1.4419629e+08
C73: Allocated Plant | D73: WP 6 tab on 1039 consolidated | E73: 37323668 | F73: 35804667 | G73: 35725329 | H73: 36115707 | I73: 36094731 | J73: 35955531 | K73: 36469634 | L73: 35909663 | M73: 35915279 | N73: 36002307 | O73: 35830525 | P73: 35877375 | Q73: 37872147
C74: Communication System | E74: 6753338.9 | F74: 8480806.5 | G74: 8480806.5 | H74: 8477501.5 | I74: 8427301 | J74: 8998535.7 | K74: 8913865.8 | L74: 8913865.8 | M74: 8924932.5 | N74: 8936038 | O74: 10213409 | P74: 10322349 | Q74: 10805702
C75: Common | E75: 0 | F75: 0 | G75: 0 | H75: 0 | I75: 0 | J75: 0 | K75: 0 | L75: 0 | M75: 0 | N75: 0 | O75: 0 | P75: 0 | Q75: 0
C76: TOTAL GROSS PLANT | E76: =SUM(E69:E75) -> 1.7867618e+09 | F76: =SUM(F69:F75) -> 1.7869342e+09 | G76: =SUM(G69:G75) -> 1.7865119e+09 | H76: =SUM(H69:H75) -> 1.7918853e+09 | I76: =SUM(I69:I75) -> 1.7946068e+09 | J76: =SUM(J69:J75) -> 1.7961522e+09 | K76: =SUM(K69:K75) -> 1801543027 | L76: =SUM(L69:L75) -> 1.8123669e+09 | ... Q76: =SUM(Q69:Q75) -> 1.8587915e+09
C78: ACCUMULATED DEPRECIATION (108) | D78: Other reserve calculation
C79: Production | D79: comes from UI file for Footnote | E79: 2.6696747e+08 | F79: 2.6700336e+08 | G79: 2.6878397e+08 | H79: 2.7040559e+08 | I79: 2.71854e+08 | J79: 2.7363143e+08 | K79: 2.750734e+08 | L79: 2.7676616e+08 | M79: 2.7844127e+08 | N79: 2.7985345e+08 | O79: 2.7785557e+08 | P79: 2.7964335e+08 | Q79: 2.7923214e+08
C80: Transmission | E80: 50758537 | F80: 51226479 | G80: 51727393 | H80: 52266224 | I80: 52737735 | J80: 53271422 | K80: 53764461 | L80: 54109926 | M80: 54649117 | N80: 55187136 | O80: 55727734 | P80: 56270039 | Q80: 56749408
C81: Distribution | E81: 1.8607802e+08 | F81: 1.8680476e+08 | G81: 1.8747872e+08 | H81: 1.8825303e+08 | I81: 1.8939666e+08 | J81: 1.9030812e+08 | K81: 1.9144976e+08 | L81: 1.9263948e+08 | M81: 1.9380579e+08 | N81: 1.9466572e+08 | O81: 1.9564309e+08 | P81: 1.9679014e+08 | Q81: 1.9751402e+08
C82: General & Intangible | E82: 64273305 | F82: 64566296 | G82: 64474494 | H82: 64421514 | I82: 65051533 | J82: 65679593 | K82: 66130347 | L82: 66734004 | M82: 67380373 | N82: 67969851 | O82: 68404500 | P82: 69025259 | Q82: 69633944
C83: =+C73 -> Allocated Plant | D83: WP 6 tab on 1039 consolidated | E83: 12034656 | F83: 11567665 | G83: 11711065 | H83: 12109921 | I83: 12495890 | J83: 12582955 | K83: 12932118 | L83: 13108972 | M83: 13479617 | N83: 13882079 | O83: 13537772 | P83: 13914046 | Q83: 13776575
C84: Communication System | E84: 2468456.1 | F84: 2929850.5 | G84: 2974495.4 | H84: 3019107.1 | I84: 3013077.6 | J84: 3062275.5 | K84: 3092697.7 | L84: 3141198.1 | M84: 3189795.9 | N84: 3239552 | O84: 3291534.1 | P84: 3353995.2 | Q84: 2965933.6
C85: =+C75 -> Common | E85: 0 | F85: 0 | G85: 0 | H85: 0 | I85: 0 | J85: 0 | K85: 0 | L85: 0 | M85: 0 | N85: 0 | O85: 0 | P85: 0 | Q85: 0
C86: TOTAL ACCUM. DEPRECIATION | E86: 0 | Q86: 0
E87: =SUM(E79:E86) -> 5.8258045e+08 | F87: =SUM(F79:F86) -> 5.8409841e+08 | G87: =SUM(G79:G86) -> 5.8715014e+08 | H87: =SUM(H79:H86) -> 5.9047539e+08 | I87: =SUM(I79:I86) -> 5.9454889e+08 | J87: =SUM(J79:J86) -> 5.9853579e+08 | K87: =SUM(K79:K86) -> 6.0244278e+08 | L87: =SUM(L79:L86) -> 6.0649974e+08 | ... Q87: =SUM(Q79:Q86) -> 6.1987202e+08
C89: GROSS PLANT IN SERVICE (101 & 106) | D89: HP Removal Less ARO
C90: Production
C91: Transmission
C92: Distribution
C93: General & Intangible | E93: 74531736 | F93: 74911054 | G93: 75127294 | H93: 75077349 | I93: 75082694 | J93: 75082959 | K93: 75255507 | L93: 75255507 | M93: 75348811 | N93: 75323934 | O93: 75816741 | P93: 75822872 | Q93: 76244467
C94: Allocated Plant
C95: Communication System
C96: Common
C97: TOTAL GROSS PLANT | E97: =SUM(E90:E96) -> 74531736 | F97: =SUM(F90:F96) -> 74911054 | G97: =SUM(G90:G96) -> 75127294 | H97: =SUM(H90:H96) -> 75077349 | I97: =SUM(I90:I96) -> 75082694 | J97: =SUM(J90:J96) -> 75082959 | K97: =SUM(K90:K96) -> 75255507 | L97: =SUM(L90:L96) -> 75255507 | ... Q97: =SUM(Q90:Q96) -> 76244467
C99: ACCUMULATED DEPRECIATION (108) | D99: HP Removal Less ARO
C100: Production
C101: Transmission
C102: Distribution
C103: General & Intangible | E103: 15291562 | F103: 15329543 | G103: 15452477 | H103: 15524874 | I103: 15641533 | J103: 15773264 | K103: 15942210 | L103: 16065695 | M103: 16190098 | N103: 16289269 | O103: 16426182 | P103: 16636976 | Q103: 16842162
C104: Allocated Plant
C105: Communication System
C106: =+C96 -> Common
C107: TOTAL ACCUM. DEPRECIATION | E107: =SUM(E100:E106) -> 15291562 | F107: =SUM(F100:F106) -> 15329543 | G107: =SUM(G100:G106) -> 15452477 | H107: =SUM(H100:H106) -> 15524874 | I107: =SUM(I100:I106) -> 15641533 | J107: =SUM(J100:J106) -> 15773264 | K107: =SUM(K100:K106) -> 15942210 | L107: =SUM(L100:L106) -> 16065695 | ... Q107: =SUM(Q100:Q106) -> 16842162
C110: GROSS PLANT IN SERVICE (101 & 106) | D110: Adjust Accum to FERC Accum
C111: Production
C112: Transmission
C113: Distribution
C114: General & Intangible
...

Sheet WP7 CU AC LOADS
J2: BHP-11 Page 11
A3: Joint Tariff Rates
A4: Common Use AC Facilities
A6: Line | D6: 2026 Actual Load Data1
A7: No.
A8: 1 | D8: BHP | E8: BASIN | F8: SD | G8: CITY OF | H8: FIRM | I8: CHEYENNE | J8: TOTAL
A9: =A8+1 -> 2 | D9: TOTAL | E9: TOTAL | F9: WEST | G9: GILLETTE | H9: POINT TO POINT | I9: LIGHT CUS | J9: COMMON USE
A10: =A9+1 -> 3 | D10: LOAD | E10: LOAD | F10: LOAD | G10: LOAD | H10: LOAD | I10: LOAD | J10: AC LOAD
A11: =A10+1 -> 4 | B11: January | D11: 298.917 | E11: 299.676 | F11: 2.094 | G11: 54.456 | H11: 317 | I11: 0 | J11: =SUM(D11:I11) -> 972.143
A12: =A11+1 -> 5 | B12: February | D12: 279.526 | E12: 274.069 | F12: 2.177 | G12: 45.592 | H12: 317 | I12: 0 | J12: =SUM(D12:I12) -> 918.364
A13: =A12+1 -> 6 | B13: March | D13: 267.725 | E13: 255.735 | F13: 1.925 | G13: 43.136 | H13: 317 | I13: 0 | J13: =SUM(D13:I13) -> 885.521
A14: =A13+1 -> 7 | B14: April | D14: 231.814 | E14: 247.345 | F14: 1.993 | G14: 39.616 | H14: 317 | I14: 0 | J14: =SUM(D14:I14) -> 837.768
A15: =A14+1 -> 8 | B15: May | D15: 227.726 | E15: 225.65 | F15: 2.08 | G15: 38.089 | H15: 317 | I15: 0 | J15: =SUM(D15:I15) -> 810.545
A16: =A15+1 -> 9 | B16: June | D16: 331.071 | E16: 235.833 | F16: 2.253 | G16: 58.978 | H16: 367 | I16: 0 | J16: =SUM(D16:I16) -> 995.135
A17: =A16+1 -> 10 | B17: July | D17: 360.213 | E17: 260.781 | F17: 2.774 | G17: 76.008 | H17: 367 | I17: 0 | J17: =SUM(D17:I17) -> 1066.776
A18: =A17+1 -> 11 | B18: August | D18: 361 | E18: 252 | F18: 3 | G18: 85.133552 | H18: 367 | I18: 0 | J18: =SUM(D18:I18) -> 1068.1336
A19: =A18+1 -> 12 | B19: September | D19: 322 | E19: 250 | F19: 3 | G19: 77.878326 | H19: 367 | I19: 0 | J19: =SUM(D19:I19) -> 1019.8783
A20: =A19+1 -> 13 | B20: October | D20: 274 | E20: 261 | F20: 3 | G20: 62.814952 | H20: 367 | I20: 0 | J20: =SUM(D20:I20) -> 967.81495
A21: =A20+1 -> 14 | B21: November | D21: 301 | E21: 281 | F21: 3 | G21: 72.184646 | H21: 367 | I21: 0 | J21: =SUM(D21:I21) -> 1024.1846
A22: =A21+1 -> 15 | B22: December | D22: 323 | E22: 310 | F22: 3 | G22: 77.253062 | H22: 367 | I22: 0 | J22: =SUM(D22:I22) -> 1080.2531
A23: =A22+1 -> 16
A24: =A23+1 -> 17 | B24: ANNUAL AVERAGE MW | D24: =SUM(D11:D22)/12 -> 298.166 | E24: =SUM(E11:E22)/12 -> 262.75742 | F24: =SUM(F11:F22)/12 -> 2.5246667 | G24: =SUM(G11:G22)/12 -> 60.928295 | H24: =SUM(H11:H22)/12 -> 346.16667 | I24: =SUM(I11:I22)/12 -> 0 | J24: =SUM(J11:J22)/12 -> 970.54304
A25: =A24+1 -> 18
A26: =A25+1 -> 19 | D26: 2027 Projected Load Data2
A27: =A26+1 -> 20
A28: =A27+1 -> 21 | D28: BHP | E28: BASIN | F28: SD | G28: CITY OF | H28: FIRM | I28: CHEYENNE | J28: TOTAL
A29: =A28+1 -> 22 | D29: TOTAL | E29: TOTAL | F29: WEST | G29: GILLETTE | H29: POINT TO POINT | I29: LIGHT CUS | J29: COMMON USE
A30: =A29+1 -> 23 | D30: LOAD | E30: LOAD | F30: LOAD | G30: LOAD | H30: LOAD | I30: LOAD | J30: AC LOAD
A31: =A30+1 -> 24 | B31: January | D31: 332.41362 | E31: 283 | F31: 3 | G31: 76.986642 | H31: 347 | I31: 0 | J31: =SUM(D31:I31) -> 1042.4003
A32: =A31+1 -> 25 | B32: February | D32: 319.80561 | E32: 284 | F32: 3 | G32: 73.580092 | H32: 347 | I32: 0 | J32: =SUM(D32:I32) -> 1027.3857
A33: =A32+1 -> 26 | B33: March | D33: 298.94804 | E33: 259 | F33: 3 | G33: 69.622762 | H33: 347 | I33: 0 | J33: =SUM(D33:I33) -> 977.5708
A34: =A33+1 -> 27 | B34: April | D34: 269.65344 | E34: 246 | F34: 3 | G34: 62.232392 | H34: 347 | I34: 0 | J34: =SUM(D34:I34) -> 927.88583
A35: =A34+1 -> 28 | B35: May | D35: 279.09082 | E35: 216 | F35: 3 | G35: 66.809852 | H35: 347 | I35: 0 | J35: =SUM(D35:I35) -> 911.90067
A36: =A35+1 -> 29 | B36: June | D36: 344.36787 | E36: 224 | F36: 3 | G36: 81.164882 | H36: 347 | I36: 0 | J36: =SUM(D36:I36) -> 999.53275
A37: =A36+1 -> 30 | B37: July | D37: 380.23329 | E37: 236 | F37: 3 | G37: 90.500662 | H37: 347 | I37: 0 | J37: =SUM(D37:I37) -> 1056.7339
A38: =A37+1 -> 31 | B38: August | D38: 364.6199 | E38: 238 | F38: 3 | G38: 86.157042 | H38: 347 | I38: 0 | J38: =SUM(D38:I38) -> 1038.7769
A39: =A38+1 -> 32 | B39: September | D39: 325.28843 | E39: 234 | F39: 3 | G39: 78.799466 | H39: 347 | I39: 0 | J39: =SUM(D39:I39) -> 988.0879
A40: =A39+1 -> 33 | B40: October | D40: 276.60355 | E40: 245 | F40: 3 | G40: 63.519722 | H40: 347 | I40: 0 | J40: =SUM(D40:I40) -> 935.12327
A41: =A40+1 -> 34 | B41: November | D41: 303.41068 | E41: 266 | F41: 3 | G41: 73.027866 | H41: 347 | I41: 0 | J41: =SUM(D41:I41) -> 992.43854
A42: =A41+1 -> 35 | B42: December | D42: 325.71639 | E42: 294 | F42: 3 | G42: 78.171562 | H42: 347 | I42: 0 | J42: =SUM(D42:I42) -> 1047.888
A43: =A42+1 -> 36
A44: =A43+1 -> 37 | B44: ANNUAL AVERAGE MW | D44: =SUM(D31:D42)/12 -> 318.34597 | E44: =SUM(E31:E42)/12 -> 252.08333 | F44: =SUM(F31:F42)/12 -> 3 | G44: =SUM(G31:G42)/12 -> 75.047745 | H44: =SUM(H31:H42)/12 -> 347 | I44: =SUM(I31:I42)/12 -> 0 | J44: =SUM(J31:J42)/12 -> 995.47705
A45: =A44+1 -> 38
A46: =A45+1 -> 39 | B46: 1 - Transmission actual load from PowerOptix through July 2026. Starting August 2026, projected load from Power Optix.
A47: =A46+1 -> 40 | B47: 2 - Transmission projected load from Transmission Planning

Sheet WP14 Long Term Interest
G2: Service Year | H2: 2025
A3: WORKPAPER 14
A4: Long Term Interest
A5: Black Hills Power, Inc.
B8: (a) | D8: (b) | F8: ( c)
A9: Line
A10: No. | B10: Description | D10: Reference | F10: Balance
A12: =1+A11 -> 1 | B12: Interest on Long-Term Debt | D12: 117.62.c | F12: 20213000
A13: =1+A12 -> 2
A14: =1+A13 -> 3 | B14: Amort. of Debt Disc. and Expense | D14: 117.63.c | F14: 201362
A15: =1+A14 -> 4
A16: =1+A15 -> 5 | B16: Amortization of Loss on Reaquired Debt | D16: 117.64.c | F16: 0
A17: =1+A16 -> 6
A18: =1+A17 -> 7 | B18: Interest on Debt to Assoc. Companies1 | D18: Company Records | F18: 10267251
A19: =1+A18 -> 8
A20: =1+A19 -> 9 | B20: Total | F20: =SUM(F12:F18) -> 30681613
A21: =1+A20 -> 10
A22: =1+A21 -> 11 | B22: Note:
A23: =1+A22 -> 12 | B23: 1 - Account 430005 relates to the LT intercompany debt held in FERC 223.
